[Event "2. AUT Bundesliga 2020-21"]
[Site "Graz"]
[Date "2021.04.10"]
[Round "4.1"]
[White "Dietmayer-Kraeutler, Marco"]
[Black "Frank, Emanuel"]
[Result "1-0"]
[ECO "D31"]
[WhiteElo "2284"]
[BlackElo "2242"]
[Annotator "NA"]
[PlyCount "99"]
[EventDate "2021.01.17"]
[EventType "team-tourn"]
[EventCountry "AUT"]
[SourceTitle "playchess.com"]
[Source "ChessBase"]
[SourceQuality "1"]
[TimeControl "40/5400+30:1800+30"]

1. d4 d5 2. c4 e6 3. Nc3 a6 4. cxd5 exd5 5. Nf3 Nf6 6. Bg5 Be6 7. e3 Nbd7 8. Bd3 h6 9. Bh4 g5 10. Bg3 Nh5 11. Be5 Nhf6 12. Bg3 Nh5 13. Be5 Nhf6 14. Qb3 g4 15. Bxf6 Qxf6 16. Ne5 Nxe5 17. dxe5 Qxe5 18. Qxb7 Rd8 19. Bxa6 Bd6 20. Qc6+ Kf8 21. Rd1 $11 Rb8 22. Bb7 Kg7 23. Rd4 Rhd8 24. g3 Be7 25. O-O Bf6 26. Rb4 Qd6 27. Rb5 Qe5 28. Qa6 Rd6 29. Qa7 Rbd8 30. Rd1 c6 31. Rc5 Bd7 32. Qa4 Qe6 33. Ne2 Bxb2 34. Nd4 Bxd4 35. Qxd4+ f6 36. e4 Qe5 37. exd5 Qxd4 38. Rxd4 Rb8 39. Bxc6 Rc8 40. Rdc4 Bf5 41. a4 Rb8 42. Rb5 Rc8 43. a5 h5 44. a6 Bd3 45. Rcc5 Bxb5 46. Rxb5 Rc7 47. Rb7 Rxb7 48. Bxb7 Rb6 49. a7 h4 50. gxh4 1-0

[Event "2. AUT Bundesliga 2020-21"]
[Site "Graz"]
[Date "2021.04.10"]
[Round "4.2"]
[White "Riemelmoser, Franz"]
[Black "Ragger, Anna-Christina"]
[Result "1-0"]
[ECO "A11"]
[WhiteElo "2235"]
[BlackElo "2198"]
[Annotator "NA"]
[PlyCount "85"]
[EventDate "2021.01.17"]
[EventType "team-tourn"]
[EventCountry "AUT"]
[SourceTitle "playchess.com"]
[Source "ChessBase"]
[SourceQuality "1"]
[TimeControl "40/5400+30:1800+30"]

1. c4 c6 2. Nf3 d5 3. e3 Nf6 4. Nc3 a6 5. b3 h6 $14 6. Bb2 Bf5 7. Rc1 e6 8. Be2 Bd6 9. d4 O-O 10. h3 Nbd7 11. O-O Qe7 12. Bd3 Ne4 13. Qc2 Nxc3 14. Bxc3 Bxd3 15. Qxd3 f5 16. Rc2 Qf6 17. b4 b5 18. c5 Bc7 19. a4 Kh8 20. Ra2 g5 21. axb5 axb5 22. Rxa8 Rxa8 23. Ra1 Rxa1+ 24. Bxa1 g4 25. hxg4 fxg4 26. Ne5 Nxe5 27. dxe5 Bxe5 28. Bxe5 Qxe5 29. Qg6 h5 30. Qe8+ Kg7 31. Qxc6 Qa1+ 32. Kh2 Qe5+ 33. g3 Qf5 34. Qc7+ Kg6 35. Qf4 Qc2 36. Kg2 Qc3 37. Qd4 Qc2 38. Qe5 Qc4 39. Qxe6+ Kg5 40. c6 h4 41. gxh4+ Kh5 42. Qe5+ Kg6 43. c7 1-0

[Event "2. AUT Bundesliga 2020-21"]
[Site "Graz"]
[Date "2021.04.10"]
[Round "4.4"]
[White "Heindl, Matthias"]
[Black "Guetz, Wolfgang"]
[Result "1-0"]
[ECO "A20"]
[WhiteElo "2200"]
[BlackElo "2061"]
[Annotator "NA"]
[PlyCount "119"]
[EventDate "2021.01.17"]
[EventType "team-tourn"]
[EventCountry "AUT"]
[SourceTitle "playchess.com"]
[Source "ChessBase"]
[SourceQuality "1"]
[TimeControl "40/5400+30:1800+30"]

1. c4 e5 2. g3 Nf6 3. Bg2 d5 4. cxd5 Nxd5 5. Nc3 Nb6 6. d3 Nc6 7. Be3 Be7 8. Bxc6+ bxc6 9. Nf3 Qd6 10. O-O O-O 11. Rc1 f5 12. Na4 Nd5 13. Bc5 Qf6 14. Bxe7 Nxe7 15. Nc5 Rb8 16. Qc2 g5 17. Qc4+ Kg7 18. Qc3 Ng6 19. b3 h5 20. Qa5 Rf7 21. Qxa7 Rb6 22. Qa8 Ne7 23. a4 h4 24. a5 Rb4 25. a6 hxg3 26. hxg3 Rf8 27. a7 Rh8 28. Kg2 f4 29. g4 Rf8 30. Qb8 Rxb8 31. axb8=Q Bxg4 32. Qxc7 Bh3+ 33. Kg1 Bxf1 34. Kxf1 g4 35. Nd7 Qh6 36. Qxe5+ Kf7 37. Ng1 Rd8 38. Nc5 Rd5 39. Qe4 g3 40. Rc4 Rf5 41. Nb7 Rf6 42. Qg2 Nd5 43. Nf3 gxf2 44. Kxf2 Ne3 45. Qg5 Nxc4 46. Qxh6 Rxh6 47. bxc4 Ke6 48. Ke1 Kf5 49. Kd2 Kg4 50. d4 Kf5 51. Kd3 Rh3 52. c5 Rg3 53. Nd6+ Ke6 54. Ne4 Rg2 55. Ne5 Rh2 56. Nc3 Rh3+ 57. Kc4 Re3 58. Nxc6 f3 59. exf3 Rxf3 60. d5+ 1-0

[Event "2. AUT Bundesliga 2020-21"]
[Site "Graz"]
[Date "2021.04.10"]
[Round "4.5"]
[White "Kobas, Mihael"]
[Black "Hafner, Robert"]
[Result "1-0"]
[ECO "D11"]
[WhiteElo "2030"]
[BlackElo "2006"]
[Annotator "NA RC"]
[PlyCount "107"]
[EventDate "2021.01.17"]
[EventType "team-tourn"]
[EventCountry "AUT"]
[SourceTitle "playchess.com"]
[Source "ChessBase"]
[SourceQuality "1"]
[TimeControl "40/5400+30:1800+30"]

1. d4 d5 2. c4 c6 3. Nf3 Nf6 4. Qb3 e6 5. g3 Be7 6. Bg2 O-O 7. O-O b6 8. Nc3 Bb7 9. Rd1 Nbd7 10. cxd5 cxd5 11. Bf4 a6 12. a4 Rc8 13. Rac1 Re8 14. Rc2 Bf8 15. Rdc1 Qe7 16. Na2 Rxc2 17. Rxc2 Rc8 18. Rxc8 Bxc8 19. Bc7 Ne4 20. Bxb6 g5 21. Ba5 g4 22. Nd2 f5 23. Nxe4 fxe4 24. Bb4 Qe8 25. Bxf8 Nxf8 26. Nc3 Bd7 27. e3 Bc6 28. Bf1 Qa8 29. Qb6 Bb7 30. Qd6 Bc8 31. Qb6 Ng6 32. a5 Ne7 33. Na4 Kf7 34. Nc5 Qc6 35. Bxa6 Bxa6 36. Qxc6 Nxc6 37. Nxa6 Nxa5 38. Kf1 Ke7 39. Ke2 Nc6 40. Kd2 Kd6 41. Kc3 e5 42. b4 exd4+ 43. exd4 Ne7 44. b5 Nf5 45. Nb4 Ne7 46. Nc2 h5 47. Ne3 Nc8 48. Kb4 Nb6 49. Ka5 Kc7 50. Ka6 Nc4 51. Nxd5+ Kb8 52. Nf6 e3 53. fxe3 Nxe3 54. b6 1-0

[Event "2. AUT Bundesliga 2020-21"]
[Site "Graz"]
[Date "2021.04.10"]
[Round "4.6"]
[White "Bresch, Manfred"]
[Black "Hiebler, Laura"]
[Result "1-0"]
[ECO "C01"]
[WhiteElo "2008"]
[BlackElo "2025"]
[Annotator "NA"]
[PlyCount "81"]
[EventDate "2021.01.17"]
[EventType "team-tourn"]
[EventCountry "AUT"]
[SourceTitle "playchess.com"]
[Source "ChessBase"]
[SourceQuality "1"]
[TimeControl "40/5400+30:1800+30"]

1. e4 e6 2. d4 d5 3. exd5 exd5 4. Nf3 Nf6 5. Bd3 Be7 6. O-O O-O 7. Bg5 Nc6 8. c3 Bg4 9. Nbd2 h6 10. Bf4 Bd6 11. Bxd6 Qxd6 12. Qc2 Rae8 13. Rae1 Qf4 14. h3 Bxf3 15. Nxf3 Ne4 16. Qb3 Qd6 17. Re2 b6 18. Rfe1 Nf6 19. Ne5 Na5 20. Qa4 Re6 21. b4 Nc6 22. Bf5 Ne7 23. Bxe6 fxe6 24. Qxa7 Ne4 25. Qa3 Nc6 26. f3 Ng3 27. Rf2 Ne7 28. Qa4 Rd8 29. Qc2 Nef5 30. Ng4 Rf8 31. Ne3 Nh4 32. Nf1 Nh5 33. Qd1 Nf4 34. Ne3 Qe7 35. Kh2 Qg5 36. g3 Nh5 37. Nf1 Nf5 38. f4 Qg6 39. g4 Nh4 40. gxh5 Qf5 41. Qg4 1-0

[Event "2. AUT Bundesliga 2020-21"]
[Site "Graz"]
[Date "2021.04.10"]
[Round "4.9"]
[White "Meyer, Gordon"]
[Black "Teuschler, Barbara"]
[Result "0-1"]
[ECO "A07"]
[WhiteElo "2216"]
[BlackElo "2109"]
[Annotator "NA"]
[PlyCount "96"]
[EventDate "2021.01.17"]
[EventType "team-tourn"]
[EventCountry "AUT"]
[SourceTitle "playchess.com"]
[Source "ChessBase"]
[SourceQuality "1"]
[TimeControl "40/5400+30:1800+30"]

1. Nf3 d5 2. g3 Nf6 3. Bg2 c6 4. O-O Bg4 5. c4 e6 6. b3 Nbd7 7. Bb2 Be7 8. d3 O-O 9. Nbd2 a5 10. cxd5 exd5 11. Nd4 Nc5 12. h3 Bd7 13. Rc1 Re8 14. Qc2 Qb6 15. a3 Bd6 16. Rfe1 Rad8 17. e4 dxe4 18. dxe4 Qa7 19. e5 Bxe5 20. Qxc5 Qxc5 21. Rxc5 Bxd4 22. Rxe8+ Bxe8 23. Bxd4 Rxd4 24. Rc2 a4 25. bxa4 Rxa4 26. Rc3 Kf8 27. Kf1 Bd7 28. Nc4 Be6 29. Ne5 Ke7 30. Ke1 Bd5 31. f3 Nd7 32. Nd3 Rc4 33. Kd2 Rxc3 34. Kxc3 g5 35. Nb4 Be6 36. f4 f6 37. fxg5 fxg5 38. a4 Nb6 39. a5 Nd5+ 40. Nxd5+ Bxd5 41. Bf1 Kd6 42. a6 bxa6 43. Bxa6 Ke5 44. Kd3 Bg2 45. Bb7 Kd6 46. h4 Kc7 47. Ba8 gxh4 48. gxh4 Kb8 0-1

[Event "2. AUT Bundesliga 2020-21"]
[Site "Graz"]
[Date "2021.04.10"]
[Round "4.10"]
[White "Birk, Steffen"]
[Black "Wiesinger, Robert"]
[Result "1-0"]
[ECO "C49"]
[WhiteElo "2186"]
[BlackElo "2239"]
[Annotator "NA"]
[PlyCount "76"]
[EventDate "2021.01.17"]
[EventType "team-tourn"]
[EventCountry "AUT"]
[SourceTitle "playchess.com"]
[Source "ChessBase"]
[SourceQuality "1"]
[TimeControl "40/5400+30:1800+30"]

1. e4 e5 2. Nf3 Nc6 3. Nc3 Nf6 4. Bb5 Bb4 5. O-O O-O 6. Bxc6 dxc6 7. d3 Bd6 8. Ne2 c5 9. Ng3 Re8 10. h3 Nd7 11. Bg5 f6 12. Be3 Nf8 $11 13. Nd2 Ne6 14. Nc4 b6 15. c3 Bf8 16. Qb3 Kh8 17. Rad1 a5 18. a4 Ba6 19. Qc2 Qd7 20. b3 Rad8 21. Nf5 g6 22. Ng3 Qe7 23. Qc1 Rd7 24. f4 exf4 25. Bxf4 Red8 26. Rf3 Bg7 27. Bh6 Bxh6 28. Qxh6 Ng5 29. Re3 Nf7 30. Qf4 Bxc4 31. bxc4 Ne5 32. Rf1 Rxd3 33. Rxd3 Rxd3 34. h4 Nxc4 35. h5 Qe5 36. Qh6 Qe7 37. Kh2 Ne3 38. Rf4 Rd6 1-0

[Event "2. AUT Bundesliga 2020-21"]
[Site "Graz"]
[Date "2021.04.10"]
[Round "4.11"]
[White "Raber, Florian"]
[Black "Wendl, Philipp"]
[Result "1-0"]
[ECO "D05"]
[WhiteElo "2128"]
[BlackElo "1942"]
[Annotator "NA"]
[PlyCount "71"]
[EventDate "2021.01.17"]
[EventType "team-tourn"]
[EventCountry "AUT"]
[SourceTitle "playchess.com"]
[Source "ChessBase"]
[SourceQuality "1"]
[TimeControl "40/5400+30:1800+30"]

1. d4 d5 2. Nf3 Nf6 3. e3 c5 4. c3 e6 5. Bd3 Nc6 6. Nbd2 Bd6 7. dxc5 Bxc5 8. O-O O-O 9. e4 e5 10. exd5 Qxd5 11. Qc2 h6 12. Bc4 Qd8 13. b4 Bd6 14. h3 b6 15. Re1 Qc7 16. Ne4 Nxe4 17. Qxe4 Bb7 18. Bxh6 Ne7 19. Qg4 g6 20. Bxf8 Rxf8 21. Ng5 Nf5 22. Nxf7 Rxf7 23. Qxg6+ Kf8 24. Qxf7+ Qxf7 25. Bxf7 Kxf7 26. Rad1 Ke6 27. a4 Ne7 28. Rd3 e4 29. f3 a5 30. fxe4 axb4 31. Rxd6+ Kxd6 32. cxb4 Ke5 33. a5 b5 34. Rc1 Bc6 35. Kf2 Kxe4 36. Re1+ 1-0

[Event "2. AUT Bundesliga 2020-21"]
[Site "Graz"]
[Date "2021.04.10"]
[Round "4.12"]
[White "Pretterhofer, Kiaras"]
[Black "Ring, Rudolf"]
[Result "1-0"]
[ECO "B23"]
[WhiteElo "1979"]
[BlackElo "1737"]
[Annotator "NA"]
[PlyCount "75"]
[EventDate "2021.01.17"]
[EventType "team-tourn"]
[EventCountry "AUT"]
[SourceTitle "playchess.com"]
[Source "ChessBase"]
[SourceQuality "1"]
[TimeControl "40/5400+30:1800+30"]

1. e4 c5 2. Nc3 Nc6 3. f4 d6 4. Nf3 Nf6 5. Bc4 e6 6. O-O Be7 7. d3 O-O 8. Kh1 Na5 9. e5 Ne8 10. a3 d5 11. Ba2 Nc6 12. Bd2 a6 13. Qe1 g6 14. f5 exf5 15. Nxd5 Be6 16. Nxe7+ Qxe7 17. Bg5 Qc7 18. Qh4 Bxa2 19. Rxa2 Nd8 20. Be7 Ne6 21. Bxf8 Kxf8 22. Qxh7 Rd8 23. Raa1 N8g7 24. Rae1 Nh5 25. Ng5 Nhg7 26. Nxe6+ Nxe6 27. Qh8+ Ke7 28. Qf6+ Ke8 29. Rf3 Qe7 30. Qxe7+ Kxe7 31. g3 Nd4 32. Rf2 Ke6 33. Kg2 b5 34. h4 Nc6 35. g4 Ne7 36. Kg3 Rd5 37. h5 Rd4 38. Rf4 1-0

[Event "2. AUT Bundesliga 2020-21"]
[Site "Graz"]
[Date "2021.04.10"]
[Round "4.17"]
[White "Toelly, Michael"]
[Black "Milanovic, Danilo"]
[Result "0-1"]
[ECO "B01"]
[WhiteElo "2094"]
[BlackElo "2466"]
[Annotator "ChessBase"]
[PlyCount "96"]
[EventDate "2021.01.17"]
[EventType "team-tourn"]
[EventCountry "AUT"]
[SourceTitle "playchess.com"]
[Source "ChessBase"]
[SourceQuality "1"]
[TimeControl "40/5400+30:1800+30"]

1. e4 d5 2. exd5 Qxd5 3. Nc3 Qd8 4. Nf3 Nf6 5. Bb5+ c6 6. Bc4 Bf5 7. d3 e6 8. Bf4 Be7 9. Qd2 Nbd7 10. O-O O-O 11. Rfe1 Nb6 12. Bb3 a5 13. a3 Nbd5 14. Nxd5 Nxd5 15. Be5 Bg4 16. Bxd5 Qxd5 17. Qf4 Bxf3 18. Qxf3 Qxf3 19. gxf3 a4 20. Kg2 f6 21. Bc3 Kf7 22. f4 Bd6 23. Kf3 b5 24. d4 Rfd8 25. Re3 Rd7 26. Rae1 Re7 27. Bb4 Bxb4 28. axb4 Rd8 29. f5 Rxd4 30. fxe6+ Ke8 31. Rc3 Rd6 32. Rce3 Rc7 33. Kf4 Ke7 34. Kg4 c5 35. bxc5 Rxc5 36. R1e2 Rc4+ 37. Kg3 Rcc6 38. Kf4 Rxe6 39. Rd2 Rc4+ 40. Kf3 Rxe3+ 41. Kxe3 g5 42. Kf3 Ke6 43. Kg3 h5 44. Kf3 Ke5 45. Kg3 Rd4 46. Re2+ Kd5 47. Kf3 Rb4 48. Ke3 Re4+ 0-1

[Event "2. AUT Bundesliga 2020-21"]
[Site "Graz"]
[Date "2021.04.11"]
[Round "5.3"]
[White "Ring, Rudolf"]
[Black "Tusha, John"]
[Result "1/2-1/2"]
[ECO "C47"]
[WhiteElo "1737"]
[BlackElo "1783"]
[Annotator "NA RC"]
[PlyCount "80"]
[EventDate "2021.01.17"]
[EventType "team-tourn"]
[EventCountry "AUT"]
[SourceTitle "playchess.com"]
[Source "ChessBase"]
[SourceQuality "1"]
[TimeControl "40/5400+30:1800+30"]

1. e4 e5 2. Nf3 Nf6 3. Nc3 Nc6 4. Bc4 Nxe4 5. Bxf7+ Kxf7 6. Nxe4 d5 7. Neg5+ Kg8 8. d3 h6 9. Nh3 Bg4 10. Qd2 Bxf3 11. gxf3 Nd4 12. Ng1 Qf6 13. Qd1 Qg6 14. Kf1 Nf5 15. Ne2 Qh5 16. Ng1 Nh4 17. h3 Bd6 18. Bd2 Rf8 19. f4 Qxd1+ 20. Rxd1 exf4 21. f3 Nf5 22. Kg2 Nh4+ 23. Kf1 Re8 24. c3 Nf5 25. Kf2 g5 26. Ne2 Rxe2+ 27. Kxe2 Ng3+ 28. Kf2 Nxh1+ 29. Rxh1 Rh7 30. h4 Rg7 31. hxg5 hxg5 32. b3 Kf7 33. Rh6 Rg6 34. Rh7+ Ke6 35. a4 g4 36. fxg4 Rxg4 37. Rh3 Kf5 38. Rh5+ Rg5 39. Rxg5+ Kxg5 40. Kf3 c6 1/2-1/2

[Event "2. AUT Bundesliga 2020-21"]
[Site "Graz"]
[Date "2021.04.11"]
[Round "5.4"]
[White "Guetz, Wolfgang"]
[Black "Tadic, Branko"]
[Result "*"]
[WhiteElo "2061"]
[BlackElo "2487"]
[Annotator "RC"]
[PlyCount "47"]
[EventDate "2021.01.17"]
[EventType "team-tourn"]
[EventCountry "AUT"]
[SourceTitle "playchess.com"]
[Source "ChessBase"]
[SourceQuality "1"]
[TimeControl "40/5400+30:1800+30"]

1. e4 d6 2. d4 Nf6 3. Nc3 e5 4. dxe5 dxe5 5. Qxd8+ Kxd8 6. Nf3 Bd6 7. Bg5 Nbd7 8. O-O-O Ke8 9. Bc4 a6 10. a4 h6 11. Bh4 Kf8 12. Rhe1 g6 13. Rd2 Kg7 14. Red1 Re8 15. Rxd6 cxd6 16. Rxd6 Rb8 17. Bd5 Nh7 18. Bg3 f6 19. b4 Ndf8 20. Rb6 Ng5 21. Nxg5 hxg5 22. f3 Ne6 23. b5 a5 24. Bf2 *

[Event "2. AUT Bundesliga 2020-21"]
[Site "Graz"]
[Date "2021.04.11"]
[Round "5.8"]
[White "Kiss, Attila"]
[Black "Kristoferitsch, Daniel"]
[Result "*"]
[WhiteElo "2312"]
[BlackElo "2166"]
[Annotator "RC"]
[PlyCount "41"]
[EventDate "2021.01.17"]
[EventType "team-tourn"]
[EventCountry "AUT"]
[SourceTitle "playchess.com"]
[Source "ChessBase"]
[SourceQuality "1"]
[TimeControl "40/5400+30:1800+30"]

1. e4 c5 2. Nf3 e6 3. d4 cxd4 4. Nxd4 Nf6 5. Nc3 Nc6 6. Ndb5 Bc5 7. Nd6+ Ke7 8. Nxc8+ Rxc8 9. Bd3 Re8 10. O-O a6 11. Qe1 d6 12. Be3 Bxe3 13. Qxe3 Kf8 14. Rad1 Qc7 15. Rd2 h6 16. Rfd1 Rcd8 17. Be2 Re7 18. h3 d5 19. exd5 exd5 20. Qg3 Qb6 21. Bf3 *

[Event "2. AUT Bundesliga 2020-21"]
[Site "Graz"]
[Date "2021.04.11"]
[Round "5.9"]
[White "Teuschler, Barbara"]
[Black "Marakovits, Nico"]
[Result "*"]
[WhiteElo "2109"]
[BlackElo "2214"]
[Annotator "RC"]
[PlyCount "61"]
[EventDate "2021.01.17"]
[EventType "team-tourn"]
[EventCountry "AUT"]
[SourceTitle "playchess.com"]
[Source "ChessBase"]
[SourceQuality "1"]
[TimeControl "40/5400+30:1800+30"]

1. e4 c5 2. Nf3 e6 3. d4 cxd4 4. Nxd4 Nc6 5. Nc3 Nf6 6. Ndb5 Bb4 7. a3 Bxc3+ 8. Nxc3 d5 9. exd5 exd5 10. Bd3 O-O 11. O-O d4 12. Ne2 Bg4 13. Bg5 Re8 14. Re1 Qd6 15. Qd2 Bxe2 16. Rxe2 Rxe2 17. Qxe2 Re8 18. Qd2 Ng4 19. Bf4 Qe6 20. h3 Nge5 21. Bxe5 Qxe5 22. Rd1 g6 23. Bf1 Kg7 24. g3 Rd8 25. Re1 Qf5 26. Qd3 Qxd3 27. Bxd3 Kf6 28. f4 h5 29. Kf2 b6 30. g4 hxg4 31. hxg4 *

[Event "2. AUT Bundesliga 2020-21"]
[Site "Graz"]
[Date "2021.04.11"]
[Round "5.10"]
[White "Stradner, Stefan"]
[Black "Toller, Maximilian"]
[Result "*"]
[WhiteElo "2124"]
[BlackElo "2014"]
[Annotator "RC"]
[PlyCount "41"]
[EventDate "2021.01.17"]
[EventType "team-tourn"]
[EventCountry "AUT"]
[SourceTitle "playchess.com"]
[Source "ChessBase"]
[SourceQuality "1"]
[TimeControl "40/5400+30:1800+30"]

1. d4 d5 2. Nf3 Nf6 3. e3 Bf5 4. c4 dxc4 5. Bxc4 e6 6. O-O Bd6 7. Nc3 O-O 8. Qe2 Ne4 9. Rd1 Nd7 10. Nxe4 Bxe4 11. Bd3 Bxd3 12. Rxd3 c5 13. b3 Qe7 14. Bb2 Rfd8 15. Rad1 Nb6 16. e4 cxd4 17. Nxd4 Bc5 18. Qg4 g6 19. Qe2 Rac8 20. Qd2 Qf8 21. Qa5 *

[Event "2. AUT Bundesliga 2020-21"]
[Site "Graz"]
[Date "2021.04.11"]
[Round "5.13"]
[White "Frank, Emanuel"]
[Black "Enoeckl, Philipp"]
[Result "*"]
[WhiteElo "2242"]
[BlackElo "2290"]
[Annotator "RC"]
[PlyCount "43"]
[EventDate "2021.01.17"]
[EventType "team-tourn"]
[EventCountry "AUT"]
[SourceTitle "playchess.com"]
[Source "ChessBase"]
[SourceQuality "1"]
[TimeControl "40/5400+30:1800+30"]

1. d4 g6 2. c4 Bg7 3. e4 d6 4. Ne2 e5 5. Nbc3 Nc6 6. d5 Nd4 7. Be3 Nxe2 8. Bxe2 f5 9. exf5 gxf5 10. Bh5+ Kf8 11. O-O Nf6 12. Be2 a6 13. f4 e4 14. Bd4 h5 15. h3 Qe7 16. Qd2 Bd7 17. Nd1 a5 18. Ne3 b6 19. b3 Qf7 20. a3 Qg6 21. b4 Qg3 22. c5 *

[Event "2. AUT Bundesliga 2020-21"]
[Site "Graz"]
[Date "2021.04.11"]
[Round "5.14"]
[White "Breneis, Lukas"]
[Black "Riemelmoser, Franz"]
[Result "*"]
[WhiteElo "2252"]
[BlackElo "2235"]
[Annotator "RC"]
[PlyCount "55"]
[EventDate "2021.01.17"]
[EventType "team-tourn"]
[EventCountry "AUT"]
[SourceTitle "playchess.com"]
[Source "ChessBase"]
[SourceQuality "1"]
[TimeControl "40/5400+30:1800+30"]

1. e4 e6 2. d3 d5 3. Qe2 dxe4 4. dxe4 e5 5. Nf3 Bd6 6. Bg5 Ne7 7. Nc3 h6 8. Bh4 Nbc6 9. O-O-O Bg4 10. Nb5 a6 11. Nxd6+ cxd6 12. Qd2 g5 13. Bg3 Nd4 14. Nxd4 Bxd1 15. Qxd1 exd4 16. Qxd4 O-O 17. Bc4 Nc6 18. Qe3 Qf6 19. h4 g4 20. f3 gxf3 21. gxf3 Rac8 22. Bd5 Kh7 23. Rd1 Rg8 24. Be1 Ne5 25. Bc3 Rg3 26. Bxb7 Rc7 27. Qb6 Rxc3 28. bxc3 *

[Event "2. AUT Bundesliga 2020-21"]
[Site "Graz"]
[Date "2021.04.11"]
[Round "5.16"]
[White "Wiesinger, Robert"]
[Black "Heindl, Matthias"]
[Result "*"]
[WhiteElo "2239"]
[BlackElo "2200"]
[Annotator "RC"]
[PlyCount "40"]
[EventDate "2021.01.17"]
[EventType "team-tourn"]
[EventCountry "AUT"]
[SourceTitle "playchess.com"]
[Source "ChessBase"]
[SourceQuality "1"]
[TimeControl "40/5400+30:1800+30"]

1. e4 c5 2. Nf3 g6 3. d4 cxd4 4. Nxd4 Bg7 5. c4 Nc6 6. Be3 Nf6 7. Nc3 O-O 8. Be2 d6 9. f3 Bd7 10. Qd2 Nxd4 11. Bxd4 a5 12. h4 Bc6 13. h5 a4 14. hxg6 fxg6 15. g4 Qa5 16. O-O-O Rac8 17. Kb1 Qb4 18. a3 Qa5 19. c5 e5 20. Be3 dxc5 *

[Event "2. AUT Bundesliga 2020-21"]
[Site "Graz"]
[Date "2021.04.11"]
[Round "5.17"]
[White "Hafner, Robert"]
[Black "Raber, Florian"]
[Result "*"]
[WhiteElo "2006"]
[BlackElo "2128"]
[Annotator "RC"]
[PlyCount "50"]
[EventDate "2021.01.17"]
[EventType "team-tourn"]
[EventCountry "AUT"]
[SourceTitle "playchess.com"]
[Source "ChessBase"]
[SourceQuality "1"]
[TimeControl "40/5400+30:1800+30"]

1. d4 d5 2. e3 c6 3. Nf3 Bf5 4. Be2 Nf6 5. O-O h6 6. b3 e6 7. Bb2 Be7 8. Nbd2 Nbd7 9. c4 O-O 10. Rc1 a5 11. a3 Bh7 12. Re1 Ne4 13. Nxe4 Bxe4 14. Nd2 Bh7 15. Bf1 Nf6 16. g3 Bd6 17. Qe2 Qe7 18. Ra1 Ne4 19. Nxe4 Bxe4 20. Bg2 Bxg2 21. Kxg2 f5 22. c5 Bc7 23. f4 g5 24. Bc3 Qg7 25. Kh1 h5 *

[Event "2. AUT Bundesliga 2020-21"]
[Site "Graz"]
[Date "2021.04.11"]
[Round "5.18"]
[White "Ring, Rudolf"]
[Black "Tusha, John"]
[Result "*"]
[ECO "C47"]
[WhiteElo "1737"]
[BlackElo "1783"]
[Annotator "NA RC"]
[PlyCount "58"]
[EventDate "2021.01.17"]
[EventType "team-tourn"]
[EventCountry "AUT"]
[SourceTitle "playchess.com"]
[Source "ChessBase"]
[SourceQuality "1"]
[TimeControl "40/5400+30:1800+30"]

1. e4 e5 2. Nf3 Nf6 3. Nc3 Nc6 4. Bc4 Nxe4 5. Bxf7+ Kxf7 6. Nxe4 d5 7. Neg5+ Kg8 8. d3 h6 9. Nh3 Bg4 10. Qd2 Bxf3 11. gxf3 Nd4 12. Ng1 Qf6 13. Qd1 Qg6 14. Kf1 Nf5 15. Ne2 Qh5 16. Ng1 Nh4 17. h3 Bd6 18. Bd2 Rf8 19. f4 Qxd1+ 20. Rxd1 exf4 21. f3 Nf5 22. Kg2 Nh4+ 23. Kf1 Re8 24. c3 Nf5 25. Kf2 g5 26. Ne2 Rxe2+ 27. Kxe2 Ng3+ 28. Kf2 Nxh1+ 29. Rxh1 Rh7 *